 Dungeon Crawl Stone Soup version 0.23.0 (webtiles) character file.

Game seed: 16719515096100420471

3645 poirepourri the Cleaver (level 9, 0/86 HPs)
             Began as a Deep Dwarf Fighter on Feb 14, 2019.
             Was an Initiate of Makhleb.
             Slain by a wyvern (13 damage)
             ... on level 8 of the Dungeon.
             The game lasted 00:05:55 (5703 turns).

poirepourri the Cleaver (Deep Dwarf Fighter)        Turns: 5703, Time: 00:05:56

Health: 0/86       AC: 12    Str: 23    XL:     9   Next: 88%
Magic:  6/6        EV: 10    Int:  9    God:    Makhleb [......]
Gold:   20         SH: 10    Dex: 15    Spells: 8/8 levels left

rFire    . . .     SeeInvis .   a - +1 war axe
rCold    . . .     Gourm    .   c - +0 shield
rNeg     . . .     Faith    .   b - +0 scale mail
rPois    .         Spirit   .   (no helmet)
rElec    .         Reflect  .   i - +0 cloak
rCorr    .         Harm     .   e - +0 pair of gloves
MR       +....                  d - +2 pair of boots
Stlth    ..........             (no amulet)
HPRegen  0.00/turn              w - +3 ring of evasion
MPRegen  0.10/turn              x - +3 ring of strength

@: marked, non-regenerating
A: damage resistance, heal wounds, sense surroundings 2, no regeneration
a: Heal Wounds, Renounce Religion


You were on level 8 of the Dungeon.
You worshipped Makhleb.
Makhleb was noncommittal.
You were not hungry.

You visited 2 branches of the dungeon, and saw 9 of its levels.

You collected 533 gold pieces.
You spent 513 gold pieces at shops.

Inventory:

Hand Weapons
 a - a +1 war axe (weapon)
Missiles
 l - 3 javelins (quivered)
Armour
 b - a +0 scale mail (worn)
 c - a +0 shield (worn)
 d - a +2 pair of boots (worn)
 e - a +0 pair of gloves (worn)
 i - a +0 cloak (worn)
Jewellery
 j - an uncursed ring of protection from magic
 w - a +3 ring of evasion (left hand)
 x - a +3 ring of strength (right hand)
Wands
 k - a wand of scattershot (2)
 s - a wand of acid (6)
 v - a wand of flame (18)
Scrolls
 m - 4 scrolls of blinking
 o - 2 scrolls of remove curse
 p - a scroll of acquirement {unknown}
 q - a scroll of enchant armour {unknown}
 r - a scroll of summoning {unknown}
 t - 2 scrolls of identify
 u - a scroll of amnesia
Potions
 g - 3 potions of resistance
 h - a potion of brilliance
 n - a potion of flight
Comestibles
 f - 6 rations


   Skills:
 + Level 7.2 Fighting
 - Level 13.0 Axes
 - Level 3.2 Armour
 - Level 3.2 Shields


You had 8 spell levels left.
You didn't know any spells.
Your spell library contained the following spells:

 Spells                   Type           Power        Failure   Level  Hunger
 Animate Skeleton         Necr           N/A          99%         1    ##.....
 Apportation              Tloc           #.....       99%         1    ##.....
 Confusing Touch          Hex            #.....       99%         1    ##.....
 Pain                     Necr           #...         99%         1    ##.....
 Summon Small Mammal      Summ           #...         99%         1    ##.....


Dungeon Overview and Level Annotations

Branches:
Dungeon (8/15)             Temple (1/1) D:7            Lair (0/6) D:8

Altars:
Ashenzari
Cheibriados
Dithmenos
Elyvilon
Fedhas
Gozag
Hepliaklqana
Kikubaaqudgha
Makhleb
Nemelex Xobeh
Okawaru
Qazlal
Ru
Sif Muna
Trog
Uskayaw
Vehumet
Wu Jian
Xom
Yredelemnul
Zin
The Shining One

Shops:
D:5 :   D:7 =

Annotations:
D:3 3 runed translucent doors, Karim's ghost, amateur DrFE


Innate Abilities, Weirdness & Mutations

You are resistant to damage.
You can heal yourself by infusing magical energy.
You passively map the area around you.
You do not regenerate.


Message History

The leopard gecko bites you but does no damage.
The orc warrior hits you but does no damage.
The orc priest hits you but does no damage.
You slash the orc!
You kill the orc!
Makhleb accepts your kill.
You slash the warg! You closely miss the orc priest.
You closely miss the leopard gecko. You block the warg's attack.
The leopard gecko bites you but does no damage.
The orc warrior hits you from afar with a +0 glaive!
* * * LOW HITPOINT WARNING * * *
The wyvern misses you.
You hit the wyvern.
The wyvern is lightly wounded.
You hit the leopard gecko. You slash the orc priest! You closely miss the warg.
The warg bites you!
* * * LOW HITPOINT WARNING * * *
The leopard gecko closely misses you. You block the orc priest's attack.
The wyvern bites you!
You die...

#..)[......................
,
###<##..#.#.###..########..
#)##..#.#.# #..########..
,, #.##..#.#.#
#..........##
#.##..#...###..#######.## *
#..............# #.## * ,
,,........Z#####.# #.##
......##l## #.# #.## , *
##..#.#*#@o# #.# #.## *
*...#.# #lh.# #.# #.## *
.#..,# ooo..##.# #.## ,* ,
.......### * * *#.......#
**, *.!.......# * ***
#.........# , .....>.....*
*,, , , >* *


You could see a warg, an orc warrior, a wyvern, an orc priest, an orc wizard, an
orc, a leopard gecko and a bullfrog skeleton.

Vanquished Creatures
  Pikel (D:5)
  Joseph (D:7)
  Prince Ribbit (D:5)
  Sigmund (D:4)
  2 wargs (D:8)
  2 orc warriors (D:8)
  2 centaurs
  A necrophage (D:7)
  2 ogres
  A big kobold (D:6)
  2 bullfrogs (D:7)
  A scorpion (D:6)
  6 killer bees (D:7)
  3 wights (D:7)
  A howler monkey (D:4)
  A crimson imp (D:5)
  A bullfrog zombie (D:6)
  2 centaur skeletons (D:7)
  2 hounds
  7 orc priests
  A gnoll shaman (D:7)
  A bullfrog skeleton (D:5)
  3 iguanas
  2 worker ants
  7 orc wizards
  A howler monkey skeleton (D:4)
  6 gnolls (D:7)
  6 adders
  2 adder zombies
  3 adder skeletons
  2 worms
  4 dart slugs
  2 leopard geckos
  25 orcs
  A ball python (D:3)
  7 bats
  6 giant cockroaches
  10 goblins
  7 hobgoblins
  4 jackals
  4 quokkas
  5 frilled lizards
  22 kobolds
  A leopard gecko skeleton (D:8)
  10 rats
182 creatures vanquished.

Notes
Turn   | Place    | Note
-------+----------+-------------------------------------------
     0 | D:1      | poirepourri the Deep Dwarf Fighter began the quest for the
                  | Orb.
     0 | D:1      | Reached XP level 1. HP: 20/20 MP: 1/1
    71 | D:1      | Reached skill level 3 in Axes
    77 | D:1      | Reached XP level 2. HP: 27/27 MP: 2/2
   475 | D:1      | Reached XP level 3. HP: 30/33 MP: 3/3
   647 | D:2      | Reached skill level 4 in Axes
   998 | D:2      | Reached XP level 4. HP: 34/40 MP: 4/4
  1075 | D:2      | Found an opulent altar of Gozag.
  1150 | D:2      | Reached skill level 5 in Axes
  1389 | D:3      | Reached skill level 6 in Axes
  1389 | D:3      | Reached XP level 5. HP: 40/46 MP: 5/5
  1433 | D:3      | You fall through a shaft for 2 floors!
  1433 | D:5      | Entered Level 5 of the Dungeon
  1433 | D:5      | Noticed a centaur
  1446 | D:5      | Killed a centaur
  1496 | D:5      | Noticed Prince Ribbit
  1508 | D:5      | Reached skill level 7 in Axes
  1508 | D:5      | Reached XP level 6. HP: 36/55 MP: 6/6
  1518 | D:5      | Killed Prince Ribbit
  1518 | D:5      | Reached skill level 8 in Axes
  1576 | D:5      | Found a bloodstained altar of Trog.
  1609 | D:5      | Reached XP level 7. HP: 41/61 MP: 7/7
  1622 | D:5      | You fall through a shaft for 2 floors!
  1720 | D:5      | Found Balint's Book Shoppe.
  1739 | D:5      | Reached skill level 9 in Axes
  1975 | D:5      | Noticed Pikel
  1991 | D:5      | Killed Pikel
  1991 | D:5      | Reached skill level 10 in Axes
  1991 | D:5      | Reached XP level 8. HP: 15/68 MP: 7/7
  2093 | D:5      | Found a glowing silver altar of Zin.
  2094 | D:5      | Found an opulent altar of Gozag.
  2314 | D:4      | Noticed Sigmund
  2324 | D:4      | Killed Sigmund
  2324 | D:4      | Reached skill level 11 in Axes
  3029 | D:3      | Found a basalt altar of Yredelemnul.
  3031 | D:3      | Found a shadowy altar of Dithmenos.
  3078 | D:3      | Found a runed translucent gate.
  3078 | D:3      | Found a runed translucent gate.
  3078 | D:3      | Found a runed translucent gate.
  3081 | D:3      | Found an opulent altar of Gozag.
  3083 | D:3      | Noticed Karim's ghost (amateur DrFE)
  3244 | D:4      | Found an ancient bone altar of Kikubaaqudgha.
  3246 | D:4      | Found a deep blue altar of Sif Muna.
  3248 | D:4      | Found a radiant altar of Vehumet.
  3250 | D:4      | Identified Kikubaaqudgha's Catalogue of Evil
  3356 | D:6      | Reached skill level 12 in Axes
  3764 | D:6      | Found a sacrificial altar of Ru.
  4586 | D:7      | Found a shattered altar of Ashenzari.
  4633 | D:7      | Noticed Joseph
  4665 | D:7      | Killed Joseph
  4665 | D:7      | Reached skill level 13 in Axes
  4665 | D:7      | Gained mutation: You passively map the area around you.
                  | [Deep Dwarf growth]
  4665 | D:7      | Reached XP level 9. HP: 35/74 MP: 8/8
  4896 | D:7      | Reached skill level 5 in Fighting
  4943 | D:7      | Found a staircase to the Ecumenical Temple.
  4965 | Temple   | Entered the Ecumenical Temple
  5013 | Temple   | Became a worshipper of Makhleb the Destroyer
  5312 | D:7      | Found Ocaugi Jodghe's Jewellery Shop.
  5326 | D:7      | Bought a +3 ring of evasion for 294 gold pieces
  5326 | D:7      | Bought a +3 ring of strength for 219 gold pieces
  5690 | D:8      | Found a staircase to the Lair.
  5703 | D:8      | Slain by a wyvern

Skill      XL: |  1  2  3  4  5  6  7  8  9 |
---------------+----------------------------+-----
Axes           | 3 4 6 7 8 10 13 | 13.0
Fighting       | 7 |  7.2
Armour         | |  3.2
Shields        | |  3.2

Action                   |  1- 3 |  4- 6 |  7- 9 || total
-------------------------+-------+-------+-------++-------
Melee: War axe           |   106 |   141 |   356 ||   603
 Abil: Heal Wounds       |       |       |    14 ||    14
Evoke: Wand              |       |       |     1 ||     1
  Use: Scroll            |     6 |     2 |     7 ||    15
       Potion            |       |     4 |     7 ||    11
 Stab: Paralysed         |       |       |     1 ||     1
  Eat: Ration            |     1 |       |     4 ||     5
       Chunk             |       |       |     1 ||     1
Armor: Scale mail        |    34 |    59 |   157 ||   250
Dodge: Dodged            |    39 |    51 |   139 ||   229
Block: Shield            |    59 |    76 |   217 ||   352
